 Dungeon Sprint DCSS version 0.31-a0-986-g5e6e4ef867 (webtiles) character file.

Game seed: 3990375601423532677

87043 rocky1 the Heavyweight Champion (level 14, -5/163 HPs)
             Began as an Ogre Shapeshifter on Nov 13, 2023.
             Was an Initiate of Gozag.
             Slain by a jiangshi (12 damage)
             ... summoned by a mummy priest
             ... in the Dungeon (Sprint III: "The Ten Rune Challenge").
             The game lasted 00:31:07 (8653 turns).

rocky1 the Heavyweight Champion (Ogre Shapeshifter) Turns: 8653, Time: 00:31:09

Health: -5/163     AC: 14    Str: 21    XL:     14   Next: 93%
Magic:  14/14      EV: 11    Int: 13    God:    Gozag
Gold:   980        SH:  0    Dex: 13    Spells: 13/13 levels left

rFire   + +          .
                       - Unarmed
rCold   . . .        (shield currently unavailable)
rNeg    . . .        i - +1 fire dragon scales
rPois   +            M - +1 hat
rElec   +            P - scarf of Tender Moments {repulsion, rElec rPois Dex+3 Stlth+}
rCorr   .            (gloves unavailable)
SInv    .            (boots unavailable)
Will    +....        a - amulet of regeneration
Stlth   ++           O - +4 ring of slaying
HPRegen 1.27/turn    Q - ring of protection from cold
MPRegen 0.14/turn

%: no teleportation, repel missiles
@: blade hands, gold aura, slowed, studying Fighting, very slow
A: large, unfitting armour, tough skin 1
}: 2/10 runes: serpentine, demonic
a: Begin Untransformation, Renounce Religion, Potion Petition, Call Merchant,
Bribe Branch


You were in the Dungeon.
You worshipped Gozag.
Gozag was pleased with you.
You had blades for hands.
You visited 1 branch You collected 18524 gold pieces.
You spent 8085 gold pieces at shops.
You paid 9459 gold pieces to Gozag.

Inventory:

Missiles
 e - 5 javelins
 m - 7 curare-tipped darts
 G - 3 large rocks of chaos
 H - 8 boomerangs
 J - 10 poisoned darts
 K - 10 atropa-tipped darts
Armour
 i - +1 fire dragon scales (worn)
 L - the +3 hat of Pondering {ponderous, Will+ MP+10 Int+5}
   (You bought it in a shop in the Dungeon)

   Int+5:     It affects your intelligence (+5).
   Will+:     It increases your willpower.
   MP+10:     It affects your magic capacity (+10).
 M - a +1 hat (worn)
 P - the scarf of Tender Moments (worn) {repulsion, rElec rPois Dex+3 Stlth+}
   (You acquired it in the Dungeon)

   Dex+3:     It affects your dexterity (+3).
   rElec:     It insulates you from electricity.
   rPois:     It protects you from poison Stlth+: It makes you more stealthy.
 T - the +0 ice dragon scales "Ryipn" {Rampage rF- rC++ Regen+}
   (You bought it in a shop in the Dungeon)

   rF-:       It makes you vulnerable to fire.
   rC++:      It greatly protects you from cold.
   Regen+:    It increases your rate of health regeneration.
   Rampage:   It bestows one free step when moving towards enemies.
Jewellery
 a - an amulet of regeneration (around neck)
 f - the ring "Omeham" {Wiz rPois Dex+3}
   (You bought it in a shop in the Dungeon)

   [ring of wizardry]

   Wiz:       It improves your spell success rate.
   Dex+3:     It affects your dexterity (+3).
   rPois:     It protects you from poison
 g - a ring of flight
 B - a +4 ring of protection
 I - the ring "Nyhava Lesy" {rF- rN+++ Will+ Int+3 Dex+2}
   (You found it in the Dungeon)

   [ring of willpower]

   Int+3:     It affects your intelligence (+3).
   Dex+2:     It affects your dexterity (+2).
   rF-:       It makes you vulnerable to fire.
   rN+++:     It renders you almost immune to negative energy.
   Will+:     It increases your willpower.
 O - a +4 ring of slaying (left blade hand)
 Q - a ring of protection from cold (right blade hand)
 S - a +4 ring of protection
Talismans
 c - a beast talisman
 d - a flux talisman
 C - a blade talisman (active)
Wands
 s - a wand of charming (4)
 D - a wand of mindburst (26)
 R - a wand of iceblast (13)
Scrolls
 l - a scroll of torment
 o - a scroll of immolation
 u - 2 scrolls of enchant armour
 x - a scroll of poison
 y - 2 scrolls of fear
 z - a scroll of revelation
 A - a scroll of fog
 E - 10 scrolls of identify
 F - a scroll of amnesia
Potions
 h - 2 potions of magic
 k - 8 potions of mutation
 n - a potion of enlightenment
 p - a potion of brilliance
 q - 5 potions of might
 r - 12 potions of curing
 t - 7 potions of heal wounds
 v - 3 potions of attraction
 w - a potion of haste
 N - 4 potions of resistance
Miscellaneous
 b - a phial of floods


   Skills:
 * Level 16.8 Fighting
 + Level 12.6 Armour
 + Level 9.6 Dodging
 + Level 5.9 Stealth
 O Level 27 Unarmed Combat
 - Level 0.9 Evocations
 + Level 17.4 Shapeshifting


You had 13 spell levels left.
You didn't know any spells.
Your spell library contained the following spells:

 Spells                   Type           Power      Damage    Failure   Level
 Apportation              Tloc           0%         N/A       61%         1
 Cigotuvi's Dreadful Rot  Necr/Pois/Air  0%         N/A       75%         2
 Dazzling Flash           Conj/Hex       0%         N/A       93%         3
 Hailstorm                Conj/Ice       0%         3d3       93%         3
 Ignite Poison            Fire/Tmut/Pois 0%         N/A       93%         3
 Volatile Blastmotes      Fire/Tloc      0%         2d10      93%         3
 Airstrike                Air            0%         2d(0-16)  100%        4
 Manifold Assault         Tloc           0%         N/A       100%        4
 Olgreb's Toxic Radiance  Pois           0%         N/A       100%        4
 Summon Ice Beast         Ice/Summ       0%         N/A       100%        4
 Eringya's Noxious Bog    Tmut/Pois      0%         4d6       100%        6
 Starburst                Conj/Fire      0%         6d3       100%        6
 Haunt                    Necr/Summ      0%         N/A       100%        7
 Infestation              Necr           0%         N/A       100%        8
 Maxwell's Capacitive Co  Air            0%         ∞         100%        8
 Chain Lightning          Conj/Air       0%         N/A       100%        9
 Animate Dead             Necr           Unusable   N/A       N/A         4
 Simulacrum               Ice/Necr       Unusable   N/A       N/A         6

Dungeon Overview and Level Annotations

Branches:
Dungeon (1/1)

Altars:
Cheibriados
Dithmenos
Elyvilon
Fedhas
Gozag
Hepliaklqana
Kikubaaqudgha
Makhleb
Nemelex Xobeh
Okawaru
Qazlal
Ru
Sif Muna
Trog
Uskayaw
Vehumet
Wu Jian
Xom
Yredelemnul
Zin
The Shining One
Jiyva
Lugonu

Shops:
D =[!(==?[[==![!!*[=!!=[?(((**:


Innate Abilities, Weirdness & Mutations

You have blades for hands.
You are incapable of wielding weapons or throwing items.
You are too large for most types of armour.
You have tough skin. (AC +1)


Message History

You barely miss something.
The skeletal warrior shoots an arrow.
The arrow hits you.
The skeletal warrior shoots an arrow.
The arrow barely misses you. Something hits you!!
You shred something!!!
Reactivating autopickup.
You feel a bit more experienced.
The skeletal warrior shoots an arrow.
The arrow hits you!! The arrow burns you.
The skeletal warrior shoots an arrow.
The arrow hits you.
Unknown command.
The skeletal warrior shoots an arrow.
The arrow barely misses you.
The skeletal warrior shoots an arrow.
The arrow barely misses you.
The mummy priest mumbles some strange prayers to its god.
You see here 45 gold pieces.
The skeletal warrior shoots an arrow.
The arrow hits you!!
* * * LOW HITPOINT WARNING * * *
The arrow burns you.
* * * LOW HITPOINT WARNING * * *
The skeletal warrior shoots an arrow.
The arrow hits you!
* * * LOW HITPOINT WARNING * * *
The arrow burns you.
* * * LOW HITPOINT WARNING * * *
The mummy priest hits you.
* * * LOW HITPOINT WARNING * * *
The skeletal warrior shoots an arrow.
The arrow is repelled.
The arrow hits the jiangshi.
The arrow burns the jiangshi.
The skeletal warrior shoots an arrow.
The arrow closely misses you.
Okay, then.
Blink to where?
Press: ? - help, Dir - move target
As you read the scroll of blinking, it crumbles to dust.
The jiangshi claws you.
* * * LOW HITPOINT WARNING * * *
The jiangshi draws strength from your injuries!
The jiangshi claws you but does no damage.
The jiangshi claws you!
* * * LOW HITPOINT WARNING * * *
The jiangshi draws strength from your injuries!
The jiangshi claws you!
You die...
Your body crumbles into a pile of gold.

,**~,,,,,,~#~~~##.....##^^,**,~*,
***,~,,,,~,#'#'###...##*^*,,**+**
******++***#.#.# ##+###*,**,**,,,
,**,,+,,,,,#'#####.≈≈≈+*^**,****,
**********,#%.'∩∩#.≈≈.#^^**,,,,,,
,,*,,,* **,####∩∩#.≈≈.#******+***
,,*,,,***,,,**#..#..≈.#,,+~⌠,,,~,
,,+,,,+,,,,,,,+..V$M~V+,,*~~,~,~,
,,*,,,***,,,**#.@#≈≈≈.#,,*,~,~,~,
,,*,,,* **,**∩#..#zzP.#,,*,,,~,,,
**********,*,,#..####+#******+***
,**,,,,,,*+*+*#..#,*,*,*,*,*,*,*,
,**,,,,,,*,+,,+..+*,*,*,*,*,*,*,*
,**,,,,,,*,***#..#,*,*,*,*,*,*,*,
***,,,,,,+,*,*####***************
* *,,,,,,***,*,,,,,,,*,,,,+,^,,*,
***,***,,*,,,*,,,,,,,*,,,,*^,,,*,


You could see a mummy priest, a jiangshi (summoned) and a vampire (summoned).

Vanquished Creatures
  Boris (D)
  Frederick (D)
  Sigmund (D)
  Nellie (D)
  Rupert (D)
  A lich (D)
  Gastronok (D)
  Chuck (D)
  A nagaraja (D)
  2 dire elephants (D)
  Azrael (D)
  3 yaktaur captains (D)
  A fire dragon (D)
  2 hydras (D)
  A centaur warrior (D)
  Erolcha (D)
  4 anacondas (D)
  A two-headed ogre (shapeshifter) (D)
  A naga warrior (D)
  4 death yaks (D)
  Urug (D)
  4 dancing weapons (D)
  2 titan zombies (D)
  A shadow wraith (D)
  An anaconda zombie (D)
  A sea snake (shapeshifter) (D)
  A death drake (D)
  A spriggan druid (D)
  A lindwurm (D)
  An orange crystal statue (D)
  3 deep elf pyromancers (D)
  3 orc knights (D)
  3 deep elf zephyrmancers (D)
  3 ugly things (D)
  2 oklob plants (D)
  4 crystal guardians (D)
  An orc sorcerer (D)
  2 elephants (D)
  A guardian serpent (D)
  8 black mambas (D)
  A stone giant skeleton (D)
  4 statues (D)
  Edmund (D)
  2 cane toads (D)
  A rime drake (D)
  A komodo dragon (D)
  2 yaktaurs (D)
  2 anaconda simulacra (D)
  A merfolk (shapeshifter) (D)
  A queen bee (D)
  4 spriggan defenders (D)
  A glass eye (D)
  2 tyrant leeches (D)
  A glass eye (shapeshifter) (D)
  3 orc high priests (D)
  A snapping turtle (shapeshifter) (D)
  8 blink frogs (D)
  2 spriggans (D)
  2 slime creatures (D)
  A shadow (D)
  5 redbacks (D)
  2 nagas (D)
  A spatial vortex (D)
  2 hydra simulacra (D)
  2 water moccasins (D)
  A swamp drake (D)
  A black mamba simulacrum (D)
  A fire dragon simulacrum (D)
  5 two-headed ogres (D)
  3 wandering mushrooms (D)
  A necrophage (D)
  A water elemental (D)
  32 killer bees (D)
  An electric eel (D)
  A jelly (D)
  3 orc priests (D)
  Jessica (D)
  An arcanist (D)
  A necromancer (D)
  3 orc wizards (D)
  A wolf simulacrum (D)
  3 humans (D)
  A kobold demonologist (D)
  4 adders (D)
  A swamp drake simulacrum (D)
  A phantom (D)
  8 orcs (D)
  An endoplasm (D)
  3 rats (D)
206 creatures vanquished.

Notes
Turn   | Place    | Note
-------+----------+-------------------------------------------
     0 | D        | rocky1 the Ogre Shapeshifter began the quest for the Orb.
     0 | D        | Reached XP level 1. HP: 19/19 MP: 1/1
    13 | D        | Reached skill level 3 in Unarmed Combat
    22 | D        | Noticed Jessica
    26 | D        | Killed Jessica
    27 | D        | Reached skill level 4 in Unarmed Combat
    27 | D        | Reached skill level 5 in Shapeshifting
    27 | D        | Reached XP level 2. HP: 25/27 MP: 2/2
    27 | D        | Reached XP level 3. HP: 31/33 MP: 3/3
   252 | D        | Noticed a water elemental
   259 | D        | Killed a water elemental
   260 | D        | Reached skill level 5 in Unarmed Combat
   260 | D        | Reached XP level 4. HP: 44/44 MP: 4/4
   485 | D        | Noticed a shadow
   496 | D        | Killed a shadow
   497 | D        | Reached skill level 7 in Unarmed Combat
   497 | D        | Reached XP level 5. HP: 36/53 MP: 5/5
   497 | D        | Reached XP level 6. HP: 41/61 MP: 6/6
   618 | D        | Found a blossoming altar of Fedhas.
   618 | D        | Found a stormy altar of Qazlal.
   618 | D        | Found a snail-covered altar of Cheibriados.
   618 | D        | Found a burning altar of Makhleb.
   618 | D        | Found a shimmering altar of Xom.
   618 | D        | Noticed a spatial vortex
   619 | D        | Found a hazy altar of Hepliaklqana.
   619 | D        | Found an opulent altar of Gozag.
   619 | D        | Found a sparkling altar of Nemelex Xobeh.
   619 | D        | Found a corrupted altar of Lugonu.
   619 | D        | Found a viscous altar of Jiyva.
   623 | D        | Became a worshipper of Gozag Ym Sagoz the Greedy
   702 | D        | Killed a spatial vortex
   703 | D        | Reached skill level 8 in Unarmed Combat
   896 | D        | Found a basalt altar of Yredelemnul.
   896 | D        | Found a shadowy altar of Dithmenos.
   896 | D        | Found a sacrificial altar of Ru.
   905 | D        | Reached skill level 9 in Unarmed Combat
   907 | D        | Reached XP level 7. HP: 58/71 MP: 7/7
   960 | D        | Found a radiant altar of Vehumet.
   960 | D        | Found a shimmering blue altar of Sif Muna.
   960 | D        | Found an ancient bone altar of Kikubaaqudgha.
  1086 | D        | Found a glowing silver altar of Zin.
  1086 | D        | Found a glowing golden altar of the Shining One.
  1086 | D        | Found a white marble altar of Elyvilon.
  1087 | D        | Noticed a deep elf pyromancer
  1095 | D        | Killed a deep elf pyromancer
  1096 | D        | Reached skill level 5 in Fighting
  1096 | D        | Reached skill level 5 in Dodging
  1096 | D        | Reached skill level 1 in Stealth
  1096 | D        | Reached skill level 11 in Unarmed Combat
  1096 | D        | Reached skill level 10 in Shapeshifting
  1096 | D        | Reached XP level 8. HP: 7/83 MP: 8/8
  1332 | D        | Found a hide-covered altar of Uskayaw.
  1332 | D        | Found an iron altar of Okawaru.
  1338 | D        | Found a bloodstained altar of Trog.
  1338 | D        | Found an ornate altar of the Wu Jian Council.
  1606 | D        | Reached skill level 12 in Unarmed Combat
  1793 | D        | Noticed a two-headed ogre
  1802 | D        | Killed a two-headed ogre
  1803 | D        | Reached skill level 13 in Unarmed Combat
  1803 | D        | Reached XP level 9. HP: 63/93 MP: 9/9
  1992 | D        | Noticed Erolcha
  1993 | D        | Noticed a two-headed ogre
  2004 | D        | Killed Erolcha
  2005 | D        | Reached skill level 14 in Unarmed Combat
  2007 | D        | Killed a two-headed ogre
  2547 | D        | Noticed a wandering mushroom
  2552 | D        | Noticed a wandering mushroom
  2554 | D        | Noticed a wandering mushroom
  2692 | D        | Reached skill level 15 in Unarmed Combat
  2780 | D        | Bought +0 fire dragon scales for 660 gold pieces
  2895 | D        | Noticed a cane toad
  2895 | D        | Noticed a komodo dragon
  2895 | D        | Noticed a cane toad
  2901 | D        | Killed a cane toad
  2902 | D        | Reached XP level 10. HP: 85/106 MP: 10/10
  2905 | D        | Killed a cane toad
  2906 | D        | Reached skill level 1 in Armour
  3280 | D        | Reached skill level 16 in Unarmed Combat
  3518 | D        | Noticed a lindwurm
  3524 | D        | Killed a lindwurm
  3753 | D        | Noticed Urug
  3766 | D        | Killed Urug
  3942 | D        | Reached skill level 17 in Unarmed Combat
  4160 | D        | Reached skill level 10 in Fighting
  4401 | D        | Reached skill level 5 in Armour
  4401 | D        | Reached XP level 11. HP: 92/117 MP: 11/11
  4552 | D        | Noticed an orc knight
  4571 | D        | Killed an orc knight
  4571 | D        | Noticed an orc knight
  4576 | D        | Killed an orc knight
  4577 | D        | Noticed an orc knight
  4585 | D        | Noticed an orc sorcerer
  4586 | D        | Killed an orc knight
  4594 | D        | Killed an orc sorcerer
  4600 | D        | Found Robbicsi's Jewellery Shoppe.
  4631 | D        | Noticed a deep elf pyromancer
  4631 | D        | Noticed a deep elf zephyrmancer
  4631 | D        | Noticed a deep elf pyromancer
  4631 | D        | Noticed a deep elf zephyrmancer
  4631 | D        | Noticed a deep elf zephyrmancer
  4642 | D        | Killed a deep elf zephyrmancer
  4643 | D        | Reached skill level 18 in Unarmed Combat
  4644 | D        | Killed a deep elf zephyrmancer
  4652 | D        | Killed a deep elf pyromancer
  4660 | D        | Killed a deep elf pyromancer
  4662 | D        | Killed a deep elf zephyrmancer
  4667 | D        | Noticed a deep elf demonologist
  4758 | D        | Bought an amulet of regeneration for 360 gold pieces
  4758 | D        | Bought the ring "Omeham" {Wiz rPois Dex+3} for 570 gold
                  | pieces
  4766 | D        | Bought a ring of flight for 175 gold pieces
  4855 | D        | Reached skill level 19 in Unarmed Combat
  4955 | D        | Noticed Sigmund
  4955 | D        | Noticed Edmund
  4974 | D        | Killed Edmund
  4975 | D        | Reached XP level 12. HP: 52/132 MP: 12/12
  4988 | D        | Killed Sigmund
  4989 | D        | Reached skill level 20 in Unarmed Combat
  5092 | D        | Bought a potion of mutation for 128 gold pieces
  5092 | D        | Bought a scroll of enchant armour for 120 gold pieces
  5092 | D        | Bought a potion of curing for 48 gold pieces
  5092 | D        | Bought a wand of digging (3) for 201 gold pieces
  5092 | D        | Bought a potion of curing for 48 gold pieces
  5491 | D        | Found Reffarau's Antique Weapon Emporium.
  5491 | D        | Found Ungellua's Antique Weapon Shop.
  5491 | D        | Found Benwelaf's Book Shoppe.
  5491 | D        | Found Pejadgh's Magic Scroll Boutique.
  5491 | D        | Found Meilab's Antique Weapon Emporium.
  5491 | D        | Found Katevaj's General Store.
  5491 | D        | Found Vanwo's Assorted Antiques.
  5492 | D        | Found Surchefi's Antique Armour Boutique.
  5492 | D        | Found Caixeneo's Jewellery Shoppe.
  5492 | D        | Found Yzops's Distillery.
  5492 | D        | Found Zywucaf's Distillery.
  5524 | D        | Bought a potion of curing for 42 gold pieces
  5524 | D        | Bought a potion of might for 56 gold pieces
  5525 | D        | Bought a potion of heal wounds for 95 gold pieces
  5525 | D        | Bought a scroll of enchant armour for 142 gold pieces
  5525 | D        | Bought a red potion for 17 gold pieces
  5525 | D        | Bought a potion of haste for 190 gold pieces
  5525 | D        | Bought a scroll of identify for 38 gold pieces
  5526 | D        | Bought a scroll of identify for 38 gold pieces
  5533 | D        | Bought a scroll of poison for 40 gold pieces
  5533 | D        | Bought a scroll of fear for 40 gold pieces
  5533 | D        | Bought a scroll of fear for 40 gold pieces
  5533 | D        | Bought a scroll of revelation for 75 gold pieces
  5533 | D        | Bought a scroll of fog for 40 gold pieces
  5538 | D        | Bought a +4 ring of protection for 396 gold pieces
  5538 | D        | Bought a blade talisman for 330 gold pieces
  5540 | D        | Bought a potion of curing for 33 gold pieces
  5894 | D        | Got the Writings on Putrescence
  5900 | D        | Got the Compilation of Pneumatic Position
  6004 | D        | Noticed a seven-headed hydra
  6004 | D        | Noticed a six-headed hydra
  6011 | D        | Killed a seven-headed hydra
  6015 | D        | Killed a six-headed hydra
  6083 | D        | Found a blossoming altar of Fedhas.
  6090 | D        | Reached skill level 21 in Unarmed Combat
  6119 | D        | Noticed an anaconda
  6123 | D        | Killed an anaconda
  6131 | D        | Noticed an anaconda
  6147 | D        | Killed an anaconda
  6276 | D        | Noticed an anaconda
  6280 | D        | Killed an anaconda
  6283 | D        | Reached skill level 22 in Unarmed Combat
  6307 | D        | Noticed an anaconda
  6310 | D        | Reached skill level 5 in Stealth
  6310 | D        | Reached XP level 13. HP: 133/145 MP: 13/13
  6357 | D        | Noticed a nagaraja
  6364 | D        | Found Hupiut's Jewellery Shop.
  6364 | D        | Found Widut's Magic Scroll Shoppe.
  6367 | D        | Killed a nagaraja
  6368 | D        | Found Sovokaagg's Antique Armour Boutique.
  6452 | D        | Got a serpentine rune of Zot
  6464 | D        | Bought the +3 hat of Pondering {ponderous, Will+ MP+10
                  | Int+5} for 1066 gold pieces
  6464 | D        | Found the +3 hat of Pondering {ponderous, Will+ MP+10
                  | Int+5}
  6465 | D        | Bought a scroll of revelation for 97 gold pieces
  6465 | D        | Noticed an ice dragon
  6465 | D        | Noticed an ice dragon
  6465 | D        | Found Rolais's Jewellery Emporium.
  6465 | D        | Found Xyniwk's Antique Weapon Boutique.
  6465 | D        | Found Sucab's Distillery.
  6563 | D        | Noticed Rupert
  6572 | D        | Killed Rupert
  6573 | D        | Reached skill level 23 in Unarmed Combat
  6600 | D        | Noticed an azure jelly
  6600 | D        | Noticed an azure jelly
  6600 | D        | Noticed an azure jelly
  6600 | D        | Noticed an azure jelly
  6601 | D        | Noticed a dire elephant
  6601 | D        | Noticed a dire elephant
  6601 | D        | Noticed Gastronok
  6606 | D        | Killed a dire elephant
  6611 | D        | Killed a dire elephant
  6619 | D        | Killed Gastronok
  6620 | D        | Reached skill level 10 in Armour
  6692 | D        | Reached skill level 24 in Unarmed Combat
  6943 | D        | Noticed a yaktaur captain
  6946 | D        | Noticed a yaktaur captain
  6961 | D        | Killed a yaktaur captain
  6967 | D        | Killed a yaktaur captain
  7153 | D        | Noticed Azrael
  7161 | D        | Killed Azrael
  7162 | D        | Reached skill level 15 in Shapeshifting
  7199 | D        | Acquired a manual of Fighting
  7201 | D        | Acquired the scarf of Tender Moments {repulsion, rElec
                  | rPois Dex+3 Stlth+}
  7213 | D        | Acquired 657 gold pieces
  7216 | D        | Bought a +4 ring of slaying for 936 gold pieces
  7245 | D        | Bought a ring of protection from cold for 275 gold pieces
  7246 | D        | Bought a potion of curing for 33 gold pieces
  7246 | D        | Bought a potion of curing for 33 gold pieces
  7246 | D        | Bought 2 potions of might for 88 gold pieces
  7247 | D        | Bought 2 potions of resistance for 200 gold pieces
  7247 | D        | Bought a potion of resistance for 100 gold pieces
  7247 | D        | Bought a potion of curing for 30 gold pieces
  7247 | D        | Bought a potion of might for 40 gold pieces
  7384 | D        | Reached skill level 25 in Unarmed Combat
  7388 | D        | Reached XP level 14. HP: 155/157 MP: 14/14
  7725 | D        | Noticed Chuck
  7734 | D        | Reached skill level 26 in Unarmed Combat
  7743 | D        | Killed Chuck
  7751 | D        | Identified the ring "Nyhava Lesy" {rF- rN+++ Will+ Int+3
                  | Dex+2}
  7785 | D        | Noticed Frederick
  7815 | D        | Killed Frederick
  8103 | D        | Noticed a lich
  8106 | D        | Killed a lich
  8316 | D        | Noticed Nellie
  8338 | D        | Killed Nellie
  8339 | D        | Reached skill level 15 in Fighting
  8343 | D        | Got a demonic rune of Zot
  8378 | D        | Bought the +0 ice dragon scales "Ryipn" {Rampage rF- rC++
                  | Regen+} for 1005 gold pieces
  8433 | D        | Reached skill level 27 in Unarmed Combat
  8454 | D        | Noticed Boris
  8489 | D        | Killed Boris
  8623 | D        | Found Etoaqeez's Distillery.
  8623 | D        | Found Duzirgh's Distillery.
  8623 | D        | Found Tedup's Armour Shop.
  8623 | D        | Found Emekut's Distillery.
  8641 | D        | Bought a potion of heal wounds for 65 gold pieces
  8641 | D        | Bought a potion of heal wounds for 65 gold pieces
  8641 | D        | Bought a potion of heal wounds for 65 gold pieces
  8641 | D        | Bought a potion of heal wounds for 65 gold pieces
  8653 | D        | HP: 7/163 [jiangshi[a mummy priest] (11)]
  8653 | D        | Slain by a jiangshi

Illustrated notes

Levels and vault maps discovered:
D:        dungeon_sprint_mu [sprint_mu_entry_cave, sprint_mu_temple_rooms,
          sprint_mu_d1_spiders, sprint_mu_d2_genie, sprint_mu_d3_branching,
          sprint_mu_orc_legion, sprint_mu_elf_gauntlet, sprint_mu_hive_nellie,
          sprint_mu_lair_fedhas, sprint_mu_vaults_butterflies,
          sprint_mu_slime_circle, sprint_mu_swamp_cave, sprint_mu_snake_twists,
          sprint_mu_blade_basic, sprint_mu_crypt_fortress,
          sprint_mu_tomb_spiral, sprint_mu_vestibule_basic,
          sprint_mu_gehenna_hellfire, sprint_mu_dis_giant,
          sprint_mu_tartarus_statrot, sprint_mu_cocytus_islands, sprint_mu_zot1]

Skill      XL: |  1  2  3  4  5  6  7  8  9 10 11 12 13 14 |
---------------+-------------------------------------------+-----
Unarmed Combat | 4 5 7 9 11 13 15 17 19 22 25 27 | 27.0
Dodging        | 2 3 4 5 6 7 8 9 |  9.6
Shapeshifting  | 5 6 8 9 10 11 12 13 15 17 | 17.4
Fighting       | 2 3 4 5 7 8 10 11 13 14 16 | 16.8
Stealth        | 1 2 4 5 |  5.9
Armour         | 5 8 9 10 12 | 12.6
Evocations     | |  0.9

Action                     |  1- 3 |  4- 6 |  7- 9 | 10-12 | 13-15 || total
---------------------------+-------+-------+-------+-------+-------++-------
  Melee: Unarmed           |    28 |    30 |    83 |   390 |   303 ||   834
         Punch             |     2 |       |     6 |    39 |    51 ||    98
 Invoke: Potion Petition   |       |       |     1 |     5 |     2 ||     8
         Call Merchant     |       |       |     1 |     2 |     4 ||     7
  Evoke: Phial of floods   |       |       |     1 |       |       ||     1
         Wand              |       |       |       |     1 |     2 ||     3
    Use: Potion            |     1 |     2 |     2 |     1 |       ||     6
         Scroll            |       |       |       |     6 |     6 ||    12
   Stab: Distracted        |       |       |     1 |     1 |       ||     2
         Sleeping          |       |       |     1 |       |     2 ||     3
         Invisible         |       |       |       |       |     1 ||     1
 Armour: Animal skin       |    10 |    12 |    26 |       |       ||    48
         Skin              |     5 |       |       |       |       ||     5
         Robe              |       |       |    10 |       |       ||    10
         Fire dragon scale |       |       |     2 |   244 |   144 ||   390
  Dodge: Dodged            |     6 |     6 |    39 |   140 |    63 ||   254
         Repelled          |       |       |       |       |     3 ||     3
   Form: Blade             |       |       |       |     2 |       ||     2
         Beast             |       |       |       |     1 |       ||     1

Table legend: (Time is in decaauts)
 A = Elapsed time spent in this place.
 B = Non-inter-level travel time spent in this place.
 C = Inter-level travel time spent in this place.
 D = Time resting spent in this place.
 E = Time spent auto-exploring this place.
 F = Levels seen in this place.
 G = Mean time per level.
                   A        B        C        D        E       F      G
               +--------+--------+--------+--------+--------+-----+--------+
         Total |   8334 |   7986 |    348 |   5320 |      6 |   1 | 8334.0 |
       Dungeon |   8334 |   7986 |    348 |   5320 |      6 |   1 | 8334.0 |
               +--------+--------+--------+--------+--------+-----+--------+

Top non-repeatable levels by time:
       D: 8334 daAuts
